 Dungeon Crawl Stone Soup version 0.25-a0-73-g9796ba8d15 (webtiles) character file.

Game seed: 9002683941097223876, levelgen mode: deterministic

3593 Amnesiac the Geomancer (level 9, 0/57 HPs)
             Began as a Vampire Earth Elementalist on Nov 5, 2019.
             Was a Follower of Ashenzari.
             Slain by an ice beast (13 damage)
             ... on level 7 of the Dungeon on Nov 6, 2019.
             The game lasted 00:39:19 (8583 turns).

Amnesiac the Geomancer (Vampire Earth Elementalist) Turns: 8583, Time: 00:39:20

Health: 0/57       AC:  7    Str:  7    XL:     9   Next: 85%
Magic:  13/13      EV: 13    Int: 17    God:    Ashenzari [*.....]
Gold:   376        SH:  0    Dex: 18    Spells: 3/13 levels left

rFire    . . .     SeeInvis +   a - +1 dagger
rCold    . . .     Gourm    .   (no shield)
rNeg     . . .     Faith    .   z - +1 robe of the Ward {Stlth+}
rPois    .         Spirit   .   n - +0 helmet
rElec    .         Reflect  .   k - +0 cloak
rCorr    +         Harm     .   b - +0 pair of gloves
MR       +....                  A - +0 pair of boots
Stlth    +++++.....             (no amulet)
HPRegen  0.39/turn              y - ring of protection from magic
MPRegen  0.13/turn              c - ring of resist corrosion

@: lethally poisoned (0 -> -1), very slightly contaminated, regenerating quickly
A: no food, fangs 3, see invisible, unbreathing
a: Exsanguinate, Curse Item, Scrying, Renounce Religion


You were on level 7 of the Dungeon.
You worshipped Ashenzari.
Ashenzari was aware of your devotion.
You were alive.

You visited 2 branches of the dungeon, and saw 8 of its levels.
You also visited: Sewer.

You collected 466 gold pieces.
You spent 90 gold pieces at shops.

Inventory:

Hand Weapons
 a - a +1 dagger (weapon)
 h - a +2 rapier of venom
 G - the +7 morningstar "Oji Qyph" {crush, +Fly MR+ Int+3 Dex+2}
   (You found it on level 6 of the Dungeon)

   It inflicts extra damage upon your enemies.
   It affects your intelligence (+3).
   It affects your dexterity (+2).
   It affects your resistance to hostile enchantments.
   It lets you fly.
Missiles
 d - 127 arrows
 m - 64 poisoned darts
 o - 155 stones (quivered)
 I - 3 throwing nets
Armour
 b - a +0 pair of gloves (worn)
 k - a +0 cloak (worn)
 l - a cursed -2 leather armour
 n - a +0 helmet (worn)
 t - a +0 buckler
 z - the +1 robe of the Ward (worn) {Stlth+}
   (You found it on level 5 of the Dungeon)

   It makes you more stealthy.
 A - a +0 pair of boots (worn)
 F - a +2 leather armour of fire resistance
Jewellery
 c - a ring of resist corrosion (right hand)
 y - a ring of protection from magic (left hand)
 C - an uncursed ring of positive energy
 H - an uncursed ring of ice
Wands
 v - a wand of flame (35)
 D - a wand of polymorph (10)
 E - a wand of iceblast (10)
Scrolls
 e - a scroll of enchant weapon {!r}
 g - 3 scrolls of amnesia {!r}
 i - a scroll of teleportation {!r}
 j - a scroll of blinking {!r}
 w - a scroll of fog {!r}
 x - 2 scrolls of remove curse {!r}
 B - 3 scrolls of identify {!r}
Potions
 p - 2 potions of curing {!q}
 q - a potion of magic {!q}
 r - a potion of invisibility {!q}
 s - 4 potions of brilliance {!q}
 u - a potion of might {!q}


   Skills:
 - Level 8.0 Short Blades
 * Level 2.9 Dodging
 - Level 8.0 Stealth
 - Level 4.0 Shields
 + Level 2.8 Spellcasting
 - Level 5.0 Transmutations
 - Level 9.1 Earth Magic


You had 3 spell levels left.
You knew the following spells:

 Your Spells              Type           Power        Failure   Level  Hunger
a - Sandblast             Erth           ####..       1%          1    N/A
b - Passwall              Tmut/Erth      ####....     1%          2    N/A
c - Apportation           Tloc           #.....       19%         1    N/A
d - Animate Skeleton      Necr           N/A          19%         1    N/A
e - Petrify               Tmut/Erth      ####....     10%         4    N/A
z - Confusing Touch       Hex            #.....       19%         1    N/A

Your spell library contained the following spells:

 Spells                   Type           Power        Failure   Level  Hunger
 Stone Arrow              Conj/Erth      ###...       9%          3    N/A
 Corona                   Hex            #......      19%         1    N/A
 Summon Small Mammal      Summ           #...         19%         1    N/A
 Slow                     Hex            #.......     26%         2    N/A
 Inner Flame              Hex/Fire       #.......     47%         3    N/A
 Portal Projectile        Hex/Tloc       #.....       47%         3    N/A
 Lee's Rapid Deconstruct  Erth           ####......   12%         5    N/A
 Leda's Liquefaction      Hex/Erth       ###.......   26%         4    N/A
 Cause Fear               Hex            #.........   87%         4    N/A

Dungeon Overview and Level Annotations

Branches:
Dungeon (7/15)             Temple (1/1) D:4           Sewer (visited)

Altars:
Ashenzari
Cheibriados
Dithmenos
Fedhas
Gozag
Hepliaklqana
Kikubaaqudgha
Makhleb
Nemelex Xobeh
Okawaru
Qazlal
Ru
Sif Muna
Trog
Uskayaw
Vehumet
Wu Jian
Xom
Yredelemnul
Zin
The Shining One

Shops:
D:5 !   D:7 %

Annotations:
D:7 1 transporter


Innate Abilities, Weirdness & Mutations

You do not eat.
Your natural rate of healing is unusually fast.
You have razor-sharp teeth.
You have supernaturally acute eyesight. (SInv)
You can survive without breathing.


Message History

The five-headed hydra misses you.
The five-headed hydra barely misses you.
The five-headed hydra bites you but does no damage.
The five-headed hydra bites you!
* * * LOW HITPOINT WARNING * * *
The centaur unwields a +0 flail.
The centaur wields a +0 shortbow.
The centaur shoots an arrow.
The arrow hits you.
* * * LOW HITPOINT WARNING * * *
The centaur shoots an arrow.
The arrow closely misses you.
You see here 2 arrows.
Really read
j - 3 scrolls of blinking {!r}?
Blink to where?
Press: ? - help, Dir - move target cursor You are very lightly contaminated with residual magic.
As you read the scroll of blinking {!r}, it crumbles to dust.
The howler monkey hoots and howls with incredible vigour!
The adder hisses angrily.
The bullfrog croaks.
The centaur shoots an arrow.
The arrow closely misses you. The bullfrog hits you.
* * * LOW HITPOINT WARNING * * *
You see here an arrow.
The bullfrog barely misses you. The adder closely misses you.
The bullfrog hits you!
* * * LOW HITPOINT WARNING * * *
The adder closely misses you. The hound misses you. The bullfrog hits you.
* * * LOW HITPOINT WARNING * * *
Really quaff
f - a potion of heal wounds {!q}?
You feel much better. The adder bites you.
You are poisoned.
The adder poisons you! The hound bites you but does no damage.
The bullfrog closely misses you. The ice beast hits you.
The ice beast freezes you.
Casting: Sandblast (safe; 1% risk of failure)
Confirm with . or Enter, or press ? or * to list all spells.
There is nothing here that can be animated!
Casting: Animate Skeleton (safe; 19% risk of failure)
Confirm with . or Enter, or press ? or * to list all spells.
You don't know that spell.
Unknown command.
Casting: Animate Skeleton (safe; 19% risk of failure)
Confirm with . or Enter, or press ? or * to list all spells.
Okay, then.
Unknown command.
You feel sick.
The bullfrog hits you but does no damage.
The hound closely misses you. The adder barely misses you.
The ice beast hits you.
* * * LOW HITPOINT WARNING * * *
The ice beast freezes you!
* * * LOW HITPOINT WARNING * * *
The hound bites you.
* * * LOW HITPOINT WARNING * * *
The bullfrog hits you.
* * * LOW HITPOINT WARNING * * *
The adder bites you but does no damage.
Really read
j - 2 scrolls of blinking {!r}?
Blink to where?
Press: ? - help, Dir - move target cursor
As you read the scroll of blinking {!r}, it crumbles to dust.
The leopard gecko bites you but does no damage.
The ice beast hits you.
* * * LOW HITPOINT WARNING * * *
The ice beast freezes you!
You die...

...#..#####...####...#.......####
###..##.§l#####..###..%......#...
..#.##..#hDc.....#♣##.#......#.#.
..#.#....a.#..##(#.$#.#......#.#.
..#.#a#o##...##.F'[.#.#..#####.#.
###.#..V.##.##.Yc#.(#.##.## #.#.
#.##.###...#S#h####.##..# #.#.
###..#...# .##FYl#..8.....## #.#.
....©#©.## .##.@#©....#...# #.#.
.....#...##.##...#..8.###..# #.#.
....##.###.. #.#.####.###..###.#.
###.#....##.##.).#$.#.#...>....#.
###.#.#.##...##..'..#.#.##.#####.
..#.#......#..##.#..#.#..#.......
..#.##..#l.......#♣##.#.#########
..#?.##...#####..###..#...#
####..#####...####...##...#


You could see 2 ice beasts, 2 bullfrogs, a centaur, a hound, an adder and a
leopard gecko.

Vanquished Creatures
  Harold (D:7)
  Eustachio (D:6)
  A water moccasin (D:6)
  Duvessa (D:6)
  An orc warrior (D:5)
  2 ice beasts (D:6)
  A sky beast (D:5)
  3 ogres
  2 phantoms (D:5)
  A necrophage (D:4)
  2 centaurs
  3 bullfrogs
  2 scorpions
  Dowan (D:6)
  2 howler monkeys
  A quasit (D:7)
  3 jellies
  2 centaur skeletons
  2 orc priests (D:4)
  A bullfrog skeleton (D:7)
  4 orc wizards
  Terence (D:3)
  Jessica (D:3)
  Natasha (thrice) (D:3)
  2 iguanas
  5 worker ants
  3 hound skeletons
  7 adders
  8 gnolls
  2 shadow imps (D:5)
  12 oozes
  An adder zombie (D:5)
  An adder skeleton (D:5)
  4 worms
  3 dart slugs (D:1)
  15 leopard geckos
  11 orcs
  13 ball pythons
  19 giant cockroaches
  11 goblins
  6 hobgoblins
  2 jackals (D:1)
  3 quokkas
  10 bats
  21 frilled lizards
  A jackal skeleton (D:4)
  11 kobolds
  A leopard gecko skeleton (D:6)
  10 rats
224 creatures vanquished.

Notes
Turn   | Place    | Note
-------+----------+-------------------------------------------
     0 | D:1      | Amnesiac the Vampire Earth Elementalist began the quest for
                  | the Orb.
     0 | D:1      | Reached XP level 1. HP: 13/13 MP: 3/3
   248 | D:1      | Reached XP level 2. HP: 12/19 MP: 1/5
   262 | D:1      | Learned a level 2 spell: Passwall
   342 | D:2      | Found a hide-covered altar of Uskayaw.
   361 | D:2      | Found Zin's Purification Station.
   364 | D:2      | Found a glowing silver altar of Zin.
   420 | D:2      | Reached skill level 4 in Earth Magic
   558 | D:2      | Reached XP level 3. HP: 24/24 MP: 1/6
   683 | D:3      | Noticed Jessica
   688 | D:3      | Killed Jessica
   701 | D:3      | Found a glowing drain.
   734 | Sewer    | Entered a sewer
   747 | Sewer    | Reached XP level 4. HP: 24/30 MP: 7/7
   766 | Sewer    | Learned a level 4 spell: Petrify
   788 | Sewer    | Reached skill level 5 in Earth Magic
  1185 | Sewer    | Reached XP level 5. HP: 25/35 MP: 8/8
  1329 | Sewer    | Reached skill level 1 in Short Blades
  1705 | D:4      | Reached XP level 6. HP: 33/41 MP: 7/9
  1831 | D:5      | Entered Level 5 of the Dungeon
  1868 | D:4      | Reached skill level 5 in Transmutations
  2187 | D:4      | Found a staircase to the Ecumenical Temple.
  2192 | Temple   | Entered the Ecumenical Temple
  2373 | D:2      | Bought a potion of curing for 90 gold pieces
  2565 | D:2      | Found a sparkling altar of Nemelex Xobeh.
  2566 | D:2      | Found an opulent altar of Gozag.
  3499 | D:3      | Noticed Natasha
  3500 | D:3      | Found a stormy altar of Qazlal.
  3513 | D:3      | Killed Natasha
  3740 | D:3      | Reached XP level 7. HP: 35/46 MP: 10/10
  3752 | D:3      | Noticed Terence
  3808 | D:3      | Killed Terence
  3860 | D:3      | Noticed Natasha
  3875 | D:3      | Killed Natasha
  4341 | D:3      | Reached skill level 1 in Shields
  4378 | D:3      | Found a glowing golden altar of the Shining One.
  4389 | D:3      | Found a sacrificial altar of Ru.
  4511 | D:3      | Noticed Natasha
  4521 | D:3      | Killed Natasha
  4907 | D:4      | Found a shattered altar of Ashenzari.
  4929 | D:4      | Became a worshipper of Ashenzari the Shackled
  5151 | D:4      | Learned a level 1 spell: Confusing Touch
  5242 | D:4      | Found an ornate altar of the Wu Jian Council.
  5464 | D:5      | Found a stormy altar of Qazlal.
  5465 | D:5      | Noticed an air elemental
  5495 | D:5      | Got the uncursed robe of the Ward {Stlth+}
  5535 | D:5      | Identified the +1 robe of the Ward {Stlth+} (You found it
                  | on level 5 of the Dungeon)
  5553 | D:5      | Noticed a fire elemental
  5600 | D:5      | Learned a level 1 spell: Apportation
  5627 | D:5      | Reached skill level 5 in Short Blades
  5627 | D:5      | Reached skill level 5 in Stealth
  5708 | D:5      | Reached XP level 8. HP: 52/52 MP: 2/11
  5731 | D:5      | Learned a level 1 spell: Animate Skeleton
  5827 | D:5      | Found Eggygod's Distillery.
  5973 | D:5      | Reached skill level 6 in Earth Magic
  6197 | D:5      | Found a bloodstained altar of Trog.
  6740 | D:6      | Noticed Dowan
  6743 | D:6      | Noticed Duvessa
  6744 | D:6      | Killed Dowan
  6752 | D:6      | Killed Duvessa
  6834 | D:6      | Reached XP level 9. HP: 22/57 MP: 0/12
  6948 | D:6      | Noticed Eustachio
  7271 | D:6      | Got the morningstar "Oji Qyph" {crush, +Fly MR+ Int+3
                  | Dex+2}
  7369 | D:6      | Killed Eustachio
  7663 | D:7      | Reached skill level 7 in Earth Magic
  7898 | D:7      | Found a transporter.
  7898 | D:7      | Found a transporter.
  7898 | D:7      | Noticed a five-headed hydra
  7966 | D:7      | Reached * piety under Ashenzari
  7992 | D:7      | Found Pojoixzu's Food Shoppe.
  8002 | D:7      | Found a radiant altar of Vehumet.
  8129 | D:7      | Identified the +7 morningstar "Oji Qyph" {crush, +Fly MR+
                  | Int+3 Dex+2} (You found it on level 6 of the Dungeon)
  8188 | D:7      | Found a radiant altar of Vehumet.
  8191 | D:7      | Noticed Harold
  8261 | D:7      | Killed Harold
  8261 | D:7      | Reached skill level 9 in Earth Magic
  8505 | D:7      | Found a shadowy altar of Dithmenos.
  8583 | D:7      | Slain by an ice beast

Levels and vault maps discovered:
D:1:      enne_arrival_octagon_isle, layout_loops_ring
D:2:      layout_basic, grunt_temple_overflow_opulence, zin_purify,
          lemuel_doored_altar, minmay_pentomino_pile
D:3:      minmay_diamond_boxcup, layout_basic, lemuel_crystal_altar,
          amethyst_overflow_temple_binary, cheibrodos_sewer_entry_drain,
          uniq_jessica, uniq_natasha, uniq_terence
D:4:      layout_loops_ring, kennysheep_mini, overflow_temple_1_default,
          temple_doors_e, first_ration
D:5:      layout_cave_pools, kennysheep_little_box, serial_shops,
          nicolae_shop_crystal, nicolae_qazlal_style_of_elements
D:6:      minmay_general_purpose_star, layout_cave_pools, serial_column_ruins,
          column_ruins_hut, column_ruins_square_large, column_ruins_grid_4,
          column_ruins_corridor_corner, column_ruins_open_small,
          column_ruins_grid_1, eino_tiny_chamber, hangedman_decor_lopped,
          uniq_eustachio, uniq_duvessa
D:7:      gammafunk_the_bubble [the_bubble_gammafunk_split], layout_basic,
          fiery_altar_vehumet, kennysheep_mini_moat, serial_shops, shop,
          vehumet_altar_wand_db, uniq_harold
Temple:   compressed_dpeg_triangle_lava_temple

Skill      XL: |  1  2  3  4  5  6  7  8  9 |
---------------+----------------------------+-----
Earth Magic    | 4 5 6 9 |  9.1
Transmutations | 3 4 5 |  5.0
Short Blades   | 2 3 5 7 8 |  8.0
Shields        | 2 3 4 |  4.0
Stealth        | 5 7 8 |  8.0
Dodging        | |  2.9
Spellcasting   | |  2.8

Action                   |  1- 3 |  4- 6 |  7- 9 || total
-------------------------+-------+-------+-------++-------
Melee: Unarmed           |    85 |       |       ||    85
       Bite              |     2 |    41 |    31 ||    74
       Short sword       |    30 |   429 |       ||   459
       Dagger            |       |   130 |   323 ||   453
       Rapier            |       |       |     2 ||     2
Throw: Stone             |       |     4 |     1 ||     5
 Cast: Sandblast         |    16 |    23 |    80 ||   119
       Passwall          |     1 |     6 |    32 ||    39
       Petrify           |       |     1 |    20 ||    21
  Use: Scroll            |       |     3 |    15 ||    18
       Potion            |       |       |     3 ||     3
 Stab: Sleeping          |     3 |    10 |    19 ||    32
       Petrified         |       |     2 |    17 ||    19
       Distracted        |       |       |     2 ||     2
Armor: Robe              |    39 |   104 |    94 ||   237
Dodge: Dodged            |    94 |   407 |   225 ||   726

Table legend:
 A = Non-vault XP
 B = Vault XP
 C = Vault XP percentage of total XP
 D = Non-vault monster count
 E = Vault monster count
 F = Vault count percentage of total count
                 A         B        C        D         E       F
            +---------+---------+-------+---------+---------+-------
      Total |    3284 |    1850 |  36.0 |     142 |      82 |  36.6
            +---------+---------+-------+---------+---------+-------
        D:1 |      61 |       0 |   0.0 |      34 |       0 |   0.0
        D:2 |      49 |      21 |  30.0 |      21 |       2 |   8.7
        D:3 |     149 |     175 |  54.0 |      18 |      16 |  47.1
        D:4 |     414 |       0 |   0.0 |      16 |       0 |   0.0
        D:5 |    1134 |       0 |   0.0 |      20 |       0 |   0.0
        D:6 |    1040 |     411 |  28.3 |      24 |       3 |  11.1
        D:7 |     437 |     978 |  69.1 |       9 |       2 |  18.2
      Sewer |       0 |     265 | 100.0 |       0 |      59 | 100.0
            +---------+---------+-------+---------+---------+-------
